 Dungeon Crawl Stone Soup version 0.30.1-9-gdf580d7c3d (webtiles) character file.

Game seed: 13603955705283090929

269 H0rd4k the Charlatan (level 6, -4/38 HPs)
             Began as an Octopode Artificer on Oct 24, 2023.
             Blown up by Ijyb (18 damage)
             ... with a mindburst bolt
             ... on level 3 of the Dungeon.
             The game lasted 00:01:46 (2244 turns).

H0rd4k the Charlatan (Octopode Artificer)           Turns: 2244, Time: 00:01:46

Health: -4/38      AC:  1    Str: 12    XL:     6   Next: 22%
Magic:  6/6        EV: 14    Int: 15    God:
Gold:   74         SH:  0    Dex: 12    Spells: 5/5 levels left

rFire   . .          .
                       - Unarmed
rCold   . . .        (no shield)
rNeg    . . .        (helmet restricted)
rPois   .            (no amulet)
rElec   .            (no ring)
rCorr   .            (no ring)
SInv    .            (no ring)
Will    .....        (no ring)
Stlth   +++          (no ring)
HPRegen 0.26/turn    (no ring)
MPRegen 0.10/turn    (no ring)
                     (no ring)

%: no passive effects
@: no status effects
A: almost no armour, amphibious, 8 rings, camouflage 1, gelatinous body 1,
(nimble swimmer 1), tentacles
a: no special abilities


You were on level 3 of the Dungeon.
You visited 1 branch of the dungeon, and saw 3 of its levels.

You collected 74 gold pieces.

Inventory:

Jewellery
 e - an amulet of faith
Wands
 b - a wand of flame (13) (quivered)
 c - a wand of charming (14)
 d - a wand of iceblast (1)
Scrolls
 a - 3 scrolls of identify {unknown}
 g - 2 scrolls of poison {unknown}
 h - a scroll of summoning {unknown}
 j - a scroll of brand weapon {unknown}
Potions
 f - 2 potions of cancellation {unknown}
 i - 2 potions of might {unknown}


   Skills:
 + Level 1.6 Fighting
 + Level 3.8 Dodging
 - Level 1.3 Stealth
 + Level 3.1 Unarmed Combat
 + Level 5.1 Evocations


You had 5 spell levels left.
You didn't know any spells.
Your spell library contained the following spells:

 Spells                   Type           Power      Damage    Failure   Level
 Summon Small Mammal      Summ           0%         N/A       26%         1
 Call Canine Familiar     Summ           0%         N/A       63%         3
 Gell's Gravitas          Tloc           0%         N/A       63%         3
 Summon Guardian Golem    Hex/Summ       0%         N/A       63%         3
 Teleport Other           Tloc           0%         N/A       63%         3
 Dispersal                Tloc           0%         N/A       100%        6


Dungeon Overview and Level Annotations

Branches:
Dungeon (3/15)

Altars:
Cheibriados

Shops:
D:2 [:[[

Annotations:
D:3 Ijyb


Innate Abilities, Weirdness & Mutations

You cannot wear most types of armour.
You are amphibious.
You can wear up to eight rings at the same time.
Your skin changes colour to match your surroundings (Stealth+).
Your rubbery body absorbs attacks. (AC +1, EV +1)
((You are camouflaged when in or above water. (Stealth+)))
You have tentacles for arms and can constrict up to eight enemies at once.


Message History

Your mind is blasted!
You barely miss Ijyb. You squeeze Ijyb.
Ijyb is moderately wounded.
You constrict Ijyb. Ijyb completely misses you.
Aiming: Throw Flame
Press: ? - help, Shift-Dir - straight line, f - Ijyb
Aim: Ijyb, wielding a +0 dagger, wearing a +0 leather armour and carrying a wand of mindburst (12) (moderately wounded, constricted by you, 98% to hit)
The puff of flame hits Ijyb.
Ijyb is heavily wounded.
You constrict Ijyb, but do no damage.
Ijyb zaps a wand.
Your mind is blasted!
* * * LOW HITPOINT WARNING * * *
Aiming: Throw Flame
Press: ? - help, Shift-Dir - straight line, f/p - Ijyb
Aim: Ijyb, wielding a +0 dagger, wearing a +0 leather armour and carrying a wand of mindburst (11) (heavily wounded, constricted by you, 98% to hit)
The puff of flame hits Ijyb.
Ijyb is heavily wounded.
You constrict Ijyb. Ijyb hits you with a +0 dagger.
* * * LOW HITPOINT WARNING * * *
Aiming: Charm
Press: ? - help, Shift-Dir - straight line, f/p - Ijyb
Aim: Ijyb, wielding a +0 dagger, wearing a +0 leather armour and carrying a wand of mindburst (11) (severely wounded, constricted by you, chance to affect: 71%) Ijyb is charmed.
You release your grip on Ijyb.
Unknown command.
What are your orders? t - Shout!
Orders for allies: a - Attack new target. p - Attack previous target. r - Retreat! s - Stop attacking. g - Guard the area. f - Follow me.
Anything else - Cancel.
Guard this area!
Ijyb is no longer charmed.
Ijyb is nearby!
Aiming: Iceblast
Press: ? - help, Shift-Dir - straight line, f/p - Ijyb
Aim: Ijyb, wielding a +0 dagger, wearing a +0 leather armour and carrying a wand of mindburst (11) (heavily wounded, wandering, hasn't noticed you)
The mass of ice explodes!
The iceblast engulfs Ijyb.
Ijyb is severely wounded.
Ijyb shouts!
You hear an angry hiss.
Ijyb zaps a wand.
Your mind is blasted!
You die...

#.# #..♣♣♣♣ #.# #...
####.# #.... #....#
##+# .#..##. #.####
#.##.......# #.#
#.##.......#
#.########.##.......#
#........#.##.......#
#####.##.#@##.g.....#
##...##......g.....#
#'...####..........#
##...# #..........#
#...# #..........#
#...####...########
#..........#
##†......###
#.......#


You could see Ijyb.

Vanquished Creatures
  Sigmund (D:2)
  Jessica (D:2)
  Robin (D:2)
  2 adders (D:3)
  A worm (D:3)
  2 dart slugs
  3 ball pythons
  4 bats
  An endoplasm (D:1)
  3 giant cockroaches (D:1)
  7 goblins
  6 hobgoblins
  3 quokkas
  2 frilled lizards
  4 kobolds
  4 rats
45 creatures vanquished.

Notes
Turn   | Place    | Note
-------+----------+-------------------------------------------
     0 | D:1      | H0rd4k the Octopode Artificer began the quest for the Orb.
     0 | D:1      | Reached XP level 1. HP: 13/13 MP: 1/1
   237 | D:1      | Reached XP level 2. HP: 16/18 MP: 2/2
   747 | D:2      | Noticed Jessica
   753 | D:2      | Killed Jessica
   754 | D:2      | Reached skill level 1 in Unarmed Combat
   754 | D:2      | Reached skill level 4 in Evocations
   754 | D:2      | Reached XP level 3. HP: 5/23 MP: 3/3
   881 | D:2      | Found Liuwidokh's Armour Shop.
   984 | D:2      | Noticed Robin
   993 | D:2      | Killed Robin
   994 | D:2      | Reached XP level 4. HP: 19/28 MP: 4/4
  1085 | D:2      | Found Immi's Armour Emporium.
  1132 | D:2      | Noticed Sigmund
  1139 | D:2      | Killed Sigmund
  1140 | D:2      | Reached skill level 5 in Evocations
  1140 | D:2      | Reached XP level 5. HP: 13/33 MP: 5/5
  1140 | D:2      | Reached XP level 6. HP: 15/38 MP: 6/6
  1287 | D:2      | Found Dubluweg's Armour Shop.
  1432 | D:2      | Found Vesituf's Book Shop.
  2043 | D:3      | Found a snail-covered altar of Cheibriados.
  2204 | D:3      | Noticed Ijyb
  2244 | D:3      | Blown up by Ijyb

Illustrated notes

Levels and vault maps discovered:
D:1:      mrwooster_arrival_statue_3, layout_basic,
          chequers_serial_rivers_micro_d
D:2:      layout_loops_corners, serial_shops, shop_fountains,
          nicolae_shop_scrapyard, nicolae_shop_real_fake_doors, shop,
          uniq_sigmund, uniq_jessica, uniq_robin
D:3:      layout_basic, kennysheep_slug_shrine, chequers_ecumenical_altar_grove,
          corexii_leaking_fountain, uniq_grinder, uniq_ijyb

Skill      XL: |  1  2  3  4  5  6 |
---------------+-------------------+-----
Unarmed Combat | 1 2 3 |  3.1
Evocations     | 4 5 |  5.1
Dodging        | 3 |  3.8
Fighting       | |  1.6
Stealth        | |  1.3

Action                     |  1- 3 |  4- 6 || total
---------------------------+-------+-------++-------
  Melee: Unarmed           |    67 |    56 ||   123
         Constrict         |    20 |    10 ||    30
         Tentacles         |    18 |     9 ||    27
         Punch             |       |     2 ||     2
  Evoke: Wand              |     1 |     6 ||     7
   Stab: Sleeping          |     3 |     5 ||     8
         Distracted        |       |     1 ||     1
 Armour: Skin              |     4 |     2 ||     6
  Dodge: Dodged            |    36 |    27 ||    63
